 Dungeon Sprint DCSS version 0.31-a0-986-g5e6e4ef867 (webtiles) character file.

Game seed: 12881170521346041163

2391 rocky1 the Geomancer (level 9, -3/56 HPs)
             Began as a Deep Elf Earth Elementalist on Nov 5, 2023.
             Was a Priest of Sif Muna.
             Killed from afar by an orc wizard (5 damage)
             ... with a magic dart
             ... in the Dungeon (Sprint III: "The Ten Rune Challenge").
             The game lasted 00:06:34 (1120 turns).

rocky1 the Geomancer (Deep Elf Earth Elementalist)  Turns: 1120, Time: 00:06:35

Health: -3/56      AC:  4    Str: 11    XL:     9   Next: 22%
Magic:  7/25       EV: 16    Int: 25    God:    Sif Muna [***...]
Gold:   35         SH:  0    Dex: 15    Spells: 17/29 levels left

rFire   . . .        d - +0 dagger
rCold   . . .        (no shield)
rNeg    . . .        r - +0 leather armour
rPois   .            (no helmet)
rElec   .            k - +0 cloak
rCorr   .            (no gloves)
SInv    .            (no boots)
Will    .....        (no amulet)
Stlth   ++           h - +6 ring of strength
HPRegen 0.29/turn    (no ring)
MPRegen 0.19/turn

%: no teleportation
@: hasted, very quick
A: no striking features
a: Renounce Religion, Channel Magic, Forget Spell


You were in the Dungeon.
You worshipped Sif Muna.
Sif Muna was most pleased with you.
You visited 1 branch You collected 35 gold pieces.

Inventory:

Hand Weapons
 d - a +0 dagger (weapon)
 j - a +0 club
Armour
 a - a +0 robe
 k - a +0 cloak (worn)
 r - a +0 leather armour (worn)
Jewellery
 h - a +6 ring of strength (left hand)
Scrolls
 m - 2 scrolls of poison {unknown}
 n - 2 scrolls of identify
 p - 2 scrolls of revelation {unknown}
Potions
 b - 2 potions of magic
 c - 2 potions of curing
 f - a potion of berserk rage
 i - a potion of might {unknown}
 l - 4 potions of mutation {unknown}
 o - 2 potions of enlightenment {unknown}
Miscellaneous
 q - a phial of floods


   Skills:
 + Level 6.8 Fighting
 + Level 3.0 Armour
 + Level 10.2 Dodging
 - Level 2.4 Stealth
 + Level 10.8 Spellcasting
 + Level 7.2 Conjurations
 - Level 4.7 Transmutations
 * Level 12.9 Earth Magic
 + Level 7.2 Invocations


You had 17 spell levels left.
You knew the following spells:

 Your Spells              Type           Power      Damage    Failure   Level
a - Sandblast             Erth           100%       2d20      1%          1
b - Stone Arrow           Conj/Erth      100%       3d13      1%          3
c - Petrify               Tmut/Erth      55%        N/A       1%          4
d - Brom's Barrelling Bo  Conj/Erth      59%        2d7       1%          4

Your spell library contained the following spells:

 Spells                   Type           Power      Damage    Failure   Level
 Passwall                 Tmut/Erth      45%        N/A       1%          2
 Hailstorm                Conj/Ice       31%        3d8       4%          3
 Summon Ice Beast         Ice/Summ       13%        N/A       50%         4
 Simulacrum               Ice/Necr       6%         N/A       100%        6


Dungeon Overview and Level Annotations

Branches:
Dungeon (1/1)

Altars:
Cheibriados
Dithmenos
Elyvilon
Fedhas
Gozag
Hepliaklqana
Kikubaaqudgha
Makhleb
Nemelex Xobeh
Okawaru
Qazlal
Ru
Sif Muna
Trog
Uskayaw
Vehumet
Wu Jian
Xom
Yredelemnul
Zin
The Shining One
Jiyva
Lugonu


Message History

The stone arrow hits the orc knight!
The orc knight is severely wounded.
Your boulder slams into a wall and explodes!
The rocky shrapnel hits the orc knight but does no damage.
The orc knight is severely wounded.
You hear a shout!
Aiming: Stone Arrow (safe; 1% risk of failure)
Press: ? - help, Q - select action, (/) - cycle Shift-Dir - straight line, f/p - orc knight
Aim: an orc knight, wielding a +1 long sword of draining and wearing a +0 chain mail (severely wounded, strong, 75% to hit)
The stone arrow hits the orc knight!
The orc knight is almost dead.
The orc knight hits you with a +1 long sword of draining!!
You feel drained.
Aiming: Stone Arrow (safe; 1% risk of failure)
Press: ? - help, Q - select action, (/) - cycle Shift-Dir - straight line, f/p - orc knight
Aim: an orc knight, wielding a +1 long sword of draining and wearing a +0 chain mail (almost dead, strong, 75% to hit)
The stone arrow hits the orc knight!!
You kill the orc knight!
Sif Muna accepts your kill.
A magic dart appears from out of thin air!
The magic dart hits you.
Your life force feels restored.
Your Armour skill increases to level 3!
Your Dodging skill increases to level 10!
Your Conjurations skill increases to level 7!
Your Invocations skill increases to level 7!
You have reached level 9!
Your experience leads to an increase in your attributes!
Your base attributes are Str 5, Int 23, Dex 15.
Increase (S)trength, (I)ntelligence, or (D)exterity?
You feel clever. x2
Unknown command.
You feel yourself speed up.
The orc knight hits you with a +0 battleaxe!
* * * LOW HITPOINT WARNING * * *
Unknown command.
Okay, then.
A magic dart appears from out of thin air!
The magic dart hits you.
You die...

.♣.♣ ♣.#___#___#__#$$$$# .♣.♣
♣♣.#.).#__)#._#$...
.~.♣♣♣..###'#†###[##o...
~~♣.♣...#..........#oo.
~~~..♣♣.'.⌠........#oo#
≈≈~~~.♣.#...######'#{{
≈~~~....#.⌠.#__#...#o#######
~~~.....#...#__#o).#..~~~'.#
~.......#)###__#@.{#°#~§~#.#
†.......#.).#__#...'.#§§.#.#
........#___#__'...#.#.§.#...#
▓▓▓▓▓▓▓▓▓▓▓▓▓▓▓▓▓▓▓▓▓▓▓▓▓▓▓▓▓▓


You could see an orc knight (strong).

Vanquished Creatures
  Snorg (D)
  An orc knight (D)
  A deep elf pyromancer (D)
  A shadow (D)
  A spatial vortex (D)
  An earth elemental (D)
  A water elemental (D)
  A necrophage (D)
  A jelly (D)
  Crazy Yiuf (D)
  Jessica (D)
  An arcanist (D)
  A necromancer (D)
  A kobold demonologist (D)
  3 humans (D)
  3 rats (D)
20 creatures vanquished.

Vanquished Creatures (collateral kills)
  3 boulders (D)
3 creatures vanquished.

Vanquished Creatures (others)
  5 boulders (D)
5 creatures vanquished.

Grand Total: 28 creatures vanquished

Notes
Turn   | Place    | Note
-------+----------+-------------------------------------------
     0 | D        | rocky1 the Deep Elf Earth Elementalist began the quest for
                  | the Orb.
     0 | D        | Reached XP level 1. HP: 10/10 MP: 6/6
    39 | D        | Noticed Jessica
    42 | D        | Killed Jessica
    43 | D        | Reached skill level 1 in Fighting
    43 | D        | Reached skill level 5 in Earth Magic
    43 | D        | Reached XP level 2. HP: 17/17 MP: 3/9
   120 | D        | Noticed Crazy Yiuf
   126 | D        | Killed Crazy Yiuf
   127 | D        | Reached XP level 3. HP: 3/21 MP: 6/11
   221 | D        | Reached skill level 5 in Spellcasting
   221 | D        | Reached skill level 6 in Earth Magic
   221 | D        | Reached XP level 4. HP: 17/27 MP: 7/13
   370 | D        | Learned a level 3 spell: Stone Arrow
   374 | D        | Noticed a water elemental
   383 | D        | Killed a water elemental
   384 | D        | Reached skill level 5 in Dodging
   384 | D        | Reached skill level 7 in Earth Magic
   414 | D        | Found a radiant altar of Vehumet.
   414 | D        | Found a shimmering blue altar of Sif Muna.
   414 | D        | Found an ancient bone altar of Kikubaaqudgha.
   414 | D        | Noticed an arcanist
   416 | D        | Killed an arcanist
   417 | D        | Reached XP level 5. HP: 30/32 MP: 11/15
   428 | D        | Became a worshipper of Sif Muna the Loreminder
   438 | D        | Learned a level 4 spell: Petrify
   443 | D        | Learned a level 4 spell: Brom's Barrelling Boulder
   474 | D        | Reached skill level 1 in Conjurations
   474 | D        | Reached skill level 8 in Earth Magic
   474 | D        | Reached skill level 1 in Invocations
   490 | D        | Noticed a shadow
   492 | D        | Killed a shadow
   493 | D        | Reached skill level 9 in Earth Magic
   493 | D        | Reached XP level 6. HP: 39/39 MP: 10/18
   548 | D        | Found a blossoming altar of Fedhas.
   548 | D        | Found a stormy altar of Qazlal.
   548 | D        | Found a snail-covered altar of Cheibriados.
   548 | D        | Found a burning altar of Makhleb.
   548 | D        | Found a shimmering altar of Xom.
   549 | D        | Found a hazy altar of Hepliaklqana.
   549 | D        | Found an opulent altar of Gozag.
   549 | D        | Found a sparkling altar of Nemelex Xobeh.
   549 | D        | Found a corrupted altar of Lugonu.
   549 | D        | Found a viscous altar of Jiyva.
   549 | D        | Noticed a spatial vortex
   552 | D        | Killed a spatial vortex
   552 | D        | Reached * piety under Sif Muna
   616 | D        | Found a basalt altar of Yredelemnul.
   616 | D        | Found a shadowy altar of Dithmenos.
   616 | D        | Found a sacrificial altar of Ru.
   620 | D        | Reached XP level 7. HP: 9/44 MP: 10/20
   622 | D        | Reached skill level 10 in Earth Magic
   718 | D        | Found a glowing silver altar of Zin.
   718 | D        | Found a glowing golden altar of the Shining One.
   718 | D        | Found a white marble altar of Elyvilon.
   718 | D        | Noticed a deep elf pyromancer
   720 | D        | Noticed a fire elemental
   720 | D        | Killed a deep elf pyromancer
   720 | D        | Reached ** piety under Sif Muna
   721 | D        | Reached skill level 5 in Fighting
   721 | D        | Reached skill level 5 in Conjurations
   721 | D        | Reached skill level 11 in Earth Magic
   721 | D        | Reached skill level 5 in Invocations
   760 | D        | Found a hide-covered altar of Uskayaw.
   760 | D        | Found an iron altar of Okawaru.
   760 | D        | Found a bloodstained altar of Trog.
   760 | D        | Found an ornate altar of the Wu Jian Council.
   760 | D        | Noticed a human
   760 | D        | Noticed a human
   765 | D        | Killed a human
   766 | D        | Reached XP level 8. HP: 49/51 MP: 8/23
   894 | D        | Noticed Snorg
   933 | D        | Killed Snorg
   934 | D        | Reached skill level 10 in Spellcasting
   934 | D        | Reached skill level 12 in Earth Magic
  1029 | D        | Reached *** piety under Sif Muna
  1097 | D        | Noticed an orc knight
  1102 | D        | Noticed an orc knight
  1118 | D        | Killed an orc knight
  1119 | D        | Reached skill level 10 in Dodging
  1119 | D        | Reached XP level 9. HP: 18/56 MP: 6/25
  1119 | D        | HP: 1/56 [orc knight/+0 battleaxe (17)]
  1120 | D        | Killed from afar by an orc wizard

Illustrated notes

Levels and vault maps discovered:
D:        dungeon_sprint_mu [sprint_mu_entry_forest, sprint_mu_temple_rooms,
          sprint_mu_d1_horrors, sprint_mu_d2_genie, sprint_mu_d3_branching,
          sprint_mu_orc_legion, sprint_mu_elf_gauntlet, sprint_mu_hive_nellie,
          sprint_mu_lair_fedhas, sprint_mu_vaults_butterflies,
          sprint_mu_slime_circle, sprint_mu_shoals_kraken,
          sprint_mu_snake_twists, sprint_mu_blade_basic,
          sprint_mu_crypt_chambers, sprint_mu_tomb_spiral,
          sprint_mu_vestibule_basic, sprint_mu_gehenna_hellfire,
          sprint_mu_dis_giant, sprint_mu_tartarus_statrot,
          sprint_mu_cocytus_islands, sprint_mu_zot1]

Skill      XL: |  1  2  3  4  5  6  7  8 |
---------------+-------------------------+-----
Fighting       | 1 2 3 4 5 6 |  6.8
Dodging        | 3 4 5 7 8 10 | 10.2
Spellcasting   | 4 5 6 7 8 9 10 | 10.8
Transmutations | 2 3 4 |  4.7
Earth Magic    | 5 6 7 9 11 12 | 12.9
Conjurations   | 3 4 5 7 |  7.2
Invocations    | 3 4 5 7 |  7.2
Armour         | 3 |  3.0
Stealth        | |  2.4

Action                     |  1- 3 |  4- 6 |  7- 9 || total
---------------------------+-------+-------+-------++-------
   Cast: Sandblast         |    15 |     8 |       ||    23
         Stone Arrow       |       |     8 |    23 ||    31
         Brom's Barrelling |       |       |     8 ||     8
    Use: Potion            |       |       |     3 ||     3
         Scroll            |       |       |     1 ||     1
 Armour: Robe              |     2 |     2 |     3 ||     7
         Leather armour    |       |       |     4 ||     4
  Dodge: Dodged            |     3 |     2 |     1 ||     6

Table legend: (Time is in decaauts)
 A = Elapsed time spent in this place.
 B = Non-inter-level travel time spent in this place.
 C = Inter-level travel time spent in this place.
 D = Time resting spent in this place.
 E = Time spent auto-exploring this place.
 F = Levels seen in this place.
 G = Mean time per level.
                   A        B        C        D        E       F      G
               +--------+--------+--------+--------+--------+-----+--------+
         Total |   1133 |   1133 |      0 |    704 |      0 |   1 | 1133.0 |
       Dungeon |   1133 |   1133 |      0 |    704 |      0 |   1 | 1133.0 |
               +--------+--------+--------+--------+--------+-----+--------+

Top non-repeatable levels by time:
       D: 1133 daAuts
